Map: Dusk Towers

Players

LilDicky

  • Race: Terran Terran
  • League: Diamond

SteveNick - Winner!

  • Race: Zerg Zerg
  • League: Diamond

VOD

http://www.twitch.tv/tumescentpie

Description

Time

  • Played on: Dec. 10, 2015, 4:02 p.m.
  • Length: 15:55
Show
View Real Time Build Order
Export as new Build Order

LilDicky Terran 

Build Orders: Command Center First (CC), Mech 

Get SALT Encoding   

  12  0:02  SCV  
  13  0:14  SCV  
  13  0:18  Supply Depot  
  14  0:28  SCV  
  15  0:40  SCV  
  16  0:58  Command Center  
  16  1:01  SCV  
  17  1:12  Barracks  
  17  1:14  SCV  
  18  1:26  SCV  
  18  1:30  Refinery  
  19  1:33  Refinery  
  19  1:38  SCV  
  20  1:51  SCV  
  21  1:59  Marine  
  22  2:01  Supply Depot  
  22  2:03  Orbital Command  
  22  2:09  Orbital Command  
  22  2:24  Barracks Reactor  
  22  2:25  Factory  
  22  2:29  SCV  
  23  2:36  SCV  
  24  2:45  SCV  
  25  3:02  SCV  
  26  3:06  SCV  
  27  3:14  SCV  
  27  3:16  Hellion x2  
  27  3:19  SCV  
  34  3:23  Barracks Tech Lab  
  34  3:24  Factory  
  34  3:27  SCV  
  34  3:31  SCV  
  35  3:37  Hellion x2  
  35  3:39  SCV  
  40  3:43  SCV  
  41  3:51  SCV  
  41  3:55  SCV  
  43  3:58  Factory  
  43  3:59  Factory  
  43  4:01  Armory  
  43  4:02  Hellion  
  45  4:03  SCV  
  46  4:14  Supply Depot  
  46  4:15  Supply Depot  
  46  4:17  Infernal Pre-Igniter  
  46  4:29  SCV  
  45  4:33  Hellion  
  45  4:38  Hellion x2  
  49  4:42  Supply Depot, SCV  
  50  4:48  Engineering Bay, Factory Reactor  
  50  4:50  Factory Reactor  
  50  4:51  SCV  
  51  4:54  Hellion  
  51  4:55  Command Center  
  51  4:59  Hellion x2  
  57  5:02  SCV  
  57  5:04  Command Center  
  57  5:06  SCV  
  59  5:10  Supply Depot  
  59  5:14  SCV  
  59  5:16  Hellion  
  59  5:21  SCV, Hellion x2  
  67  5:33  Hellion x4  
  67  5:35  SCV x2  
  77  5:42  Missile Turret  
  77  6:00  Siege Tank  
  78  6:15  Widow Mine x2  
  80  6:26  Hellion x3  
  80  6:27  Hellion  
  80  6:32  Thor  
  86  6:34  Missile Turret  
  86  6:35  Missile Turret  
  86  6:36  Missile Turret  
  80  6:41  Planetary Fortress  
  80  6:42  Missile Turret  
  80  6:44  Missile Turret  
  80  6:45  Missile Turret  
  80  6:48  Missile Turret x3  
  80  6:50  Refinery, Missile Turret  
  80  6:51  Widow Mine x2  
  80  6:52  Refinery  
  78  7:06  SCV, Missile Turret  
  78  7:07  SCV  
  80  7:10  Widow Mine  
  80  7:11  Widow Mine x2  
  80  7:15  Terran Vehicle And Ship Armor Level 1  
  86  7:19  SCV x2  
  86  7:21  SCV  
  89  7:25  Missile Turret  
  89  7:26  Missile Turret  
  87  7:38  Missile Turret  
  87  7:41  SCV x2  
  87  7:43  Missile Turret  
  89  7:49  Drilling Claws  
  89  7:58  Hellbat x2  
  93  8:03  Thor  
  93  8:04  Refinery, Hellbat  
  93  8:05  Refinery  
  101  8:10  SCV x2, Hellion, Hellbat  
  101  8:11  Supply Depot x2  
  108  8:32  Missile Turret  
  108  8:35  Missile Turret  
  108  8:36  Hellion  
  108  8:37  Hellion x4  
  117  8:47  Factory  
  117  8:49  Supply Depot  
  117  8:51  Barracks Tech Lab  
  117  8:53  Supply Depot  
  117  8:55  Supply Depot  
  117  8:57  Supply Depot, Hi-Sec Auto Tracking  
  117  9:00  Supply Depot  
  117  9:03  Supply Depot  
  117  9:09  SCV x2  
  119  9:11  Factory  
  119  9:13  SCV  
  120  9:18  Barracks Tech Lab  
  120  9:21  SCV  
  121  9:46  Command Center  
  121  9:47  Missile Turret  
  121  9:50  Missile Turret  
  111  9:54  Hellion x3, Widow Mine x4  
  111  9:58  Missile Turret  
  111  9:59  Missile Turret  
  125  10:04  Missile Turret  
  125  10:05  Missile Turret x2  
  125  10:14  Widow Mine  
  125  10:17  Barracks Tech Lab  
  125  10:19  Factory  
  125  10:20  Hellion  
  125  10:21  Hellion x2  
  133  10:22  Barracks Reactor  
  133  10:25  Widow Mine x4  
  133  10:28  Terran Vehicle And Ship Armor Level 2  
  141  10:37  Refinery  
  141  10:39  Refinery  
  94  11:27  Thor x3, Hellion x2  
  94  11:28  Hellion  
  102  11:48  SCV x2  
  104  12:05  Hellion  
  104  12:06  Hellion x3, Widow Mine x2  
  116  12:09  Thor  
  116  12:10  Thor  
  116  12:13  Planetary Fortress  
  120  12:18  Widow Mine x2  
  120  12:19  Widow Mine  
  126  12:24  SCV x2, Missile Turret  
  126  12:26  Widow Mine x3  
  130  12:38  Widow Mine x2  
  130  12:41  Missile Turret  
  134  12:47  Thor  
  140  12:51  Missile Turret  
  140  12:52  Thor  
  140  12:55  Widow Mine x4  
  140  12:56  Thor, Widow Mine  
  162  12:59  SCV x2  
  162  13:00  SCV  
  162  13:02  SCV  
  166  13:11  SCV  
  167  13:13  Widow Mine x2  
  167  13:14  Hellion  
  173  13:24  Hellion, Sensor Tower  
  173  13:25  Sensor Tower  
  175  13:30  Thor  
  175  13:33  Widow Mine x3  
  187  13:48  Siege Tank  
  187  13:53  Widow Mine  
  187  13:54  Widow Mine  
  187  13:55  Widow Mine  
  170  14:09  Widow Mine x4  
  172  14:13  Cyclone  
  175  14:20  Cyclone  
  168  14:24  Cyclone  
  168  14:31  Hellion x2, Widow Mine  
  151  14:45  Cyclone  
  139  14:53  Cyclone  
  139  14:56  Cyclone  
  139  15:03  Widow Mine  
  139  15:04  Hellion x2, Widow Mine x2  
  149  15:11  Missile Turret  
  147  15:18  Cyclone  
Show
View Real Time Build Order
Export as new Build Order

SteveNick Zerg - Winner!

Build Orders: Hatch First 

Get SALT Encoding   

  12  0:01  Drone  
  13  0:08  Drone  
  14  0:17  Overlord  
  14  0:35  Drone x3  
  17  0:46  Drone  
  18  0:57  Hatchery  
  18  1:00  Drone  
  18  1:05  Extractor  
  17  1:15  Spawning Pool  
  17  1:17  Drone  
  17  1:20  Drone  
  18  1:29  Drone  
  19  1:40  Drone  
  20  1:55  Drone  
  20  2:01  Hatchery  
  20  2:02  Zergling x2  
  20  2:08  Queen  
  21  2:13  Metabolic Boost  
  23  2:17  Drone  
  23  2:21  Zergling x2  
  25  2:34  Drone x3  
  25  2:36  Overlord  
  28  2:52  Overlord  
  28  2:54  Queen  
  30  3:06  Drone  
  30  3:07  Drone x4  
  35  3:20  Lair  
  35  3:24  Extractor  
  35  3:25  Drone  
  35  3:26  Drone x4  
  39  3:37  Zergling x2  
  39  3:38  Zergling x2  
  39  3:39  Roach Warren  
  39  3:40  Zergling x2  
  41  4:06  Drone x7  
  48  4:24  Overseer  
  48  4:28  Spire  
  41  4:43  Drone, Extractor  
  41  4:44  Drone x9, Extractor  
  49  4:45  Overlord  
  49  4:53  Overlord  
  49  4:58  Overlord x2  
  49  5:03  Queen  
  51  5:13  Roach x2  
  55  5:18  Extractor  
  55  5:21  Drone x5  
  59  5:31  Drone  
  59  5:32  Drone x7  
  67  5:39  Extractor  
  66  5:52  Overlord x2, Mutalisk x4  
  74  5:58  Mutalisk x4  
  74  6:00  Mutalisk  
  79  6:06  Mutalisk  
  75  6:12  Roach x3  
  75  6:26  Mutalisk  
  75  6:52  Hatchery  
  74  6:59  Mutalisk  
  74  7:00  Mutalisk x3  
  82  7:01  Drone  
  82  7:02  Drone x5  
  82  7:04  Hatchery  
  82  7:07  Baneling Nest  
  87  7:22  Mutalisk x2  
  87  7:24  Drone x2  
  89  7:48  Glial Reconstitution  
  89  7:53  Overlord x2  
  89  7:54  Overlord x5  
  89  7:58  Queen  
  89  8:03  Queen  
  89  8:27  Drone x5  
  89  8:28  Drone x7  
  101  8:34  Queen  
  101  8:37  Infestation Pit  
  102  8:42  Drone x6  
  108  8:51  Drone  
  108  8:52  Drone x4  
  108  8:55  Drone, Extractor  
  113  8:56  Extractor  
  113  8:58  Extractor  
  111  9:05  Roach x4  
  119  9:14  Queen  
  119  9:15  Queen  
  124  9:24  Drone x7  
  124  9:25  Drone x2  
  132  9:37  Hatchery, Roach x6  
  140  9:54  Roach  
  140  9:55  Roach x9  
  140  9:56  Overlord x4  
  140  9:57  Overlord  
  160  10:00  Hive  
  160  10:19  Roach  
  160  10:20  Roach x8  
  178  10:37  Corruptor x9  
  196  10:53  Roach x2  
  191  11:48  Greater Spire  
  191  11:56  Burrow  
  191  11:59  Drone  
  191  12:00  Drone x6  
  191  12:01  Evolution Chamber, Drone x2  
  200  12:02  Evolution Chamber  
  189  12:46  Zerg Missile Weapons Level 1  
  189  12:47  Hatchery  
  189  12:48  Zerg Ground Armor Level 1  
  188  13:04  Brood Lord x4  
  188  13:05  Brood Lord x2  
  200  13:21  Extractor  
  200  13:23  Extractor  
  176  13:56  Overseer x2  
  176  13:57  Overseer  
  176  13:59  Corruptor  
  176  14:00  Corruptor x13  
  192  14:11  Tunneling Claws  
  174  14:35  Brood Lord x6  
  174  14:36  Brood Lord x5  
  174  14:37  Roach  
  174  14:38  Roach x3  
  194  15:04  Overlord x2  
  194  15:05  Overlord  
  194  15:07  Overseer  
  194  15:08  Overseer  
  194  15:11  Corruptor  
  194  15:23  Overlord x2  
  194  15:24  Overlord x4  
  194  15:26  Roach  
  194  15:27  Roach x8  
Tags
 
Add a new tag
Caveats
  • Supply blocks, unpowered buildings, or Contaminate may cause inaccurate times.
  • Supply counts are checked every 10 seconds.